 Dungeon Sprint DCSS version 0.30-a0-913-g9934a0ce24 (webtiles) character file.

Game seed: 294322697942171656

251 dialectric the Fighter (level 6, -5/46 HPs)
             Began as a Gargoyle Fighter on Mar 19, 2023.
             Slain by a neqoxec (9 damage)
             ... in the Dungeon (Sprint II: "The Violet Keep of Menkaure").
             The game lasted 00:00:33 (45 turns).

dialectric the Fighter (Gargoyle Fighter)             Turns: 45, Time: 00:00:33

Health: -5/46      AC:  9    Str: 19      XL:     6   Next: 13%
Magic:  5/5        EV: 10    Int:  7 (9)  God:
Gold:   0          SH:  0    Dex: 10 (11) Spells: 5/5 levels left

rFire   x . .      SeeInvis .    a - +0 flail
rCold   . . .      Faith    .    (no shield)
rNeg    + . .      Spirit   .    b - +0 scale mail
rPois   ∞          Reflect  .    (no helmet)
rElec   +          Rampage  .    (no cloak)
rCorr   .          NoTele   +    (no gloves)
Will    .....                    (no boots)
Stlth   +                        (no amulet)
HPRegen 0.27/turn                (no ring)
MPRegen 0.09/turn                (no ring)

@: mighty, on berserk cooldown
A: sickness immunity, AC +4, negative energy resistance 1, electricity
resistance, torment resistance 1, petrification resistance, camouflage 1,
deformed body, deterioration 1, low MP 1, screaming 1, heat vulnerability 1,
devolution 1
a: no special abilities


You were in the Dungeon.
You visited 1 branch

Inventory:

Hand Weapons
 a - a +0 flail (weapon)
Armour
 b - a +0 scale mail (worn)
 c - a +0 buckler
Scrolls
 j - a scroll of blinking
Potions
 g - a potion of haste
 h - 2 potions of magic


   Skills:
 + Level 9.3 Fighting
 + Level 5.1 Maces & Flails
 + Level 9.3 Armour
 * Level 0.4 Dodging
 - Level 3.2 Shields


You had 5 spell levels left.
You didn't know any spells.
Your spell library was empty.

Dungeon Overview and Level Annotations

Branches:
Dungeon (1/1)

Altars:


Innate Abilities, Weirdness & Mutations

You are immune to sickness and miasma.
Your stone body is resilient. (AC +4)
You are immune to poison.
You resist negative energy. (rN+)
You are resistant to electric shocks. (rElec)
You are resistant to unholy torment.
You are immune to petrification.
Your skin changes colour to match your surroundings (Stealth+).
Armour fits poorly on your strangely shaped body.
Your body sometimes deteriorates upon taking damage.
Your magical capacity is low. (-10% MP)
You occasionally shout uncontrollably at your foes.
You are vulnerable to heat. (rF-)
You have hidden genetic defects.


Message History

Strange energies course through your body.
You feel less energetic.
You feel better. The neqoxec hits you! The neqoxec gestures at you.
Strange energies course through your body.
You feel stronger.
You feel very mighty all of a sudden. The neqoxec hits you.
You closely miss the neqoxec.
The neqoxec is lightly wounded.
The neqoxec hits you. x2
* * * LOW HITPOINT WARNING * * *
You barely miss the neqoxec.
The neqoxec is lightly wounded.
The neqoxec barely misses you. x2
You hit the neqoxec.
The neqoxec is lightly wounded.
The neqoxec barely misses you.
You sock the neqoxec!
The neqoxec is heavily wounded.
The neqoxec hits you.
* * * LOW HITPOINT WARNING * * *
The neqoxec closely misses you.
You closely miss the neqoxec.
The neqoxec is heavily wounded.
The neqoxec gestures at you.
You feel dopey. Something feeds on your intellect!
The neqoxec hits you but does no damage.
You sock the neqoxec!
The neqoxec is severely wounded.
You feel yourself speed up. The neqoxec hits you!
* * * LOW HITPOINT WARNING * * *
Your body deteriorates!
You feel clumsy. The neqoxec barely misses you.
You hit the neqoxec but do no damage.
The neqoxec is severely wounded.
The neqoxec hits you!
You die...

## #.#
#+#
#3##.##
#@.<.+
###.##
#+#


You could see a neqoxec.

Vanquished Creatures
  2 neqoxecs (D)
2 creatures vanquished.

Notes
Turn   | Place    | Note
-------+----------+-------------------------------------------
     0 | D        | dialectric the Gargoyle Fighter began the quest for the
                  | Orb.
     0 | D        | Reached XP level 1. HP: 14/14 MP: 1/1
     8 | D        | Noticed a neqoxec
     9 | D        | Noticed a neqoxec
    17 | D        | Killed a neqoxec
    17 | D        | Gained mutation: Armour fits poorly on your strangely
                  | shaped body. [a neqoxec]
    18 | D        | Reached XP level 2. HP: 25/25 MP: 2/2
    18 | D        | Reached XP level 3. HP: 29/29 MP: 3/3
    18 | D        | Reached XP level 4. HP: 35/35 MP: 4/4
    18 | D        | Reached XP level 5. HP: 39/39 MP: 5/5
    21 | D        | Gained mutation: You are weak. (Str -2) [a neqoxec]
    24 | D        | Gained mutation: You occasionally shout uncontrollably at
                  | your foes. [a neqoxec]
    25 | D        | Gained mutation: You have hidden genetic defects. [a
                  | neqoxec]
    26 | D        | Gained mutation: Your body sometimes deteriorates upon
                  | taking damage. [a neqoxec]
    30 | D        | Noticed a neqoxec
    32 | D        | Killed a neqoxec
    32 | D        | Gained mutation: Your skin changes colour to match your
                  | surroundings (Stealth+). [a neqoxec]
    33 | D        | Reached skill level 5 in Maces & Flails
    33 | D        | Reached XP level 6. HP: 42/46 MP: 6/6
    35 | D        | Gained mutation: You are vulnerable to heat. (rF-) [a
                  | neqoxec]
    36 | D        | Gained mutation: Your magical capacity is low. (-10% MP) [a
                  | neqoxec]
    37 | D        | Lost mutation: You are weak. (Str -2) [a neqoxec]
    45 | D        | Slain by a neqoxec

Illustrated notes

Levels and vault maps discovered:
D:        the_violet_keep_of_menkaure [sprint2_stairs_cluster_1,
          sprint2_shoproom, sprint2_temple, sprint2_basic_supplies,
          sprint2_obstacle_5, sprint2_obstacle_7, sprint2_obstacle_3,
          sprint2_obstacle_4, sprint2_obstacle_1, sprint2_timed_cluster_1,
          sprint2_smallroom_cluster_1, sprint2_smallroom_final_cluster_1,
          sprint2_transparent_cluster_1, sprint2_second_timed_cluster_1,
          sprint2_sniper_area_1, sprint2_heavy_combat_area_1,
          sprint2_mutation_trap_area_1, sprint2_forest_area_1,
          sprint2_light_combat_area_1, sprint2_behind_water_1,
          sprint2_near_end_vault_1]

Skill      XL: |  1  2  3  4  5 |
---------------+----------------+-----
Fighting       | 7 9 |  9.3
Maces & Flails | 3 5 |  5.1
Armour         | 7 9 |  9.3
Dodging        | |  0.4
Shields        | |  3.2

Action                     |  1- 3 |  4- 6 || total
---------------------------+-------+-------++-------
  Melee: Flail             |     7 |    24 ||    31
    Use: Potion            |     1 |     3 ||     4
 Armour: Scale mail        |     2 |     3 ||     5
  Dodge: Dodged            |     1 |     7 ||     8

Table legend: (Time is in decaauts)
 A = Elapsed time spent in this place.
 B = Non-inter-level travel time spent in this place.
 C = Inter-level travel time spent in this place.
 D = Time resting spent in this place.
 E = Time spent auto-exploring this place.
 F = Levels seen in this place.
 G = Mean time per level.
                   A        B        C        D        E       F      G
               +--------+--------+--------+--------+--------+-----+--------+
         Total |     58 |     58 |      0 |      0 |      0 |   1 |   58.0 |
       Dungeon |     58 |     58 |      0 |      0 |      0 |   1 |   58.0 |
               +--------+--------+--------+--------+--------+-----+--------+

Top non-repeatable levels by time:
       D: 58 daAuts
